 Dungeon Crawl Stone Soup version 0.28-a0-1212-gc6b4282bc0 (webtiles) character file.

Game seed: 14059414839329451309

64 Phantomfrettchen the Skirmisher (level 3, -6/30 HPs)
             Began as a Demonspawn Chaos Knight on Dec 21, 2021.
             Was a Plaything of Xom.
             Mangled by an ogre (16 damage)
             ... on level 3 of the Dungeon.
             The game lasted 00:07:14 (1493 turns).

Phantomfrettchen the Skirmisher (DsCK)              Turns: 1493, Time: 00:07:23

Health: -6/30      AC:  6    Str: 12    XL:     3   Next: 91%
Magic:  3/3        EV: 11    Int: 13    God:    Xom [..*...]
Gold:   74         SH:  0    Dex: 14    Spells: 2/2 levels left

rFire   . . .      SeeInvis .     - Unarmed
rCold   . . .      Faith    .   (no shield)
rNeg    . . .      Spirit   .   a - +2 leather armour
rPois   .          Reflect  .   (no helmet)
rElec   .          Harm     .   (no cloak)
rCorr   .          Rampage  .   (no gloves)
Will    .....                   l - +0 pair of boots
Stlth   +.........              (no amulet)
HPRegen 0.10/turn               (no ring)
MPRegen 0.08/turn               (no ring)

@: invisible
A: spiny 1
a: Renounce Religion


You were on level 3 of the Dungeon.
You worshipped Xom.
You were a toy of Xom.
You visited 1 branch of the dungeon, and saw 3 of its levels.

You collected 74 gold pieces.

Inventory:

Hand Weapons
 e - a +1 short sword of draining
Missiles
 b - 38 stones (quivered)
Armour
 a - a +2 leather armour (worn)
 l - a +0 pair of boots (worn)
Scrolls
 d - a scroll of enchant weapon {unknown}
 i - a scroll of identify {unknown}
 j - a scroll of acquirement {unknown}
Potions
 c - 2 potions of lignification {unknown}
 f - a potion of haste {unknown}
 g - a potion of berserk rage {unknown}
 h - 2 potions of invisibility {unknown}
 k - 2 potions of curing {unknown}


   Skills:
 + Level 3.6 Fighting
 + Level 2.4 Armour
 + Level 1.1 Dodging
 + Level 0.1 Stealth
 + Level 3.4 Unarmed Combat


You had 2 spell levels left.
You didn't know any spells.
Your spell library contained the following spells:

 Spells                   Type           Power      Damage    Failure   Level
 Ensorcelled Hibernation  Hex/Ice        0%         N/A       52%         2
 Scorch                   Fire           0%         2d5       52%         2
 Tukima's Dance           Hex            0%         N/A       75%         3
 Flame Wave               Conj/Fire      0%         2d4       98%         4
 Summon Cactus Giant      Summ           0%         N/A       100%        6


Dungeon Overview and Level Annotations

Branches:
Dungeon (3/15)

Altars:
The Shining One


Innate Abilities, Weirdness & Mutations

You are partially covered in sharp spines.


Message History

A hobgoblin comes into view.
The hobgoblin shouts!
There is an open door here.
You hit the hobgoblin.
The hobgoblin is moderately wounded.
The hobgoblin closely misses you.
You hit the hobgoblin.
You kill the hobgoblin!
You see here a hobgoblin corpse.
You open the door.
There is an open door here.
k - 2 fizzy blue potions (gained 1)
There is a stone staircase leading up here.
You now have 74 gold pieces (gained 5).
There is a stone staircase leading down here.
You climb downwards.
Xom grants you a minor favour.
You fade into invisibility!
There is a stone staircase leading up here.
A hobgoblin comes into view.
The bat hits you.
You hit the bat.
The bat is moderately wounded.
The bat hits you but does no damage. The bat hits you but does no damage.
You hit the bat.
You kill the bat!
The hobgoblin shouts!
You hit the ogre.
The ogre is lightly wounded.
The ogre hits you with a +0 giant spiked club!!
Ouch! That really hurt!
There is a stone staircase leading up here.
You hit the ogre.
The ogre is moderately wounded.
The ogre is struck by your spines.
The ogre hits you with a +0 giant spiked club!
Ouch! That really hurt!
You die...
Xom chuckles heartily!

.. ..#
.##..#.
.#.....
.#.....
##.....#.
#........
#..# #O.#
#@.# #..#
#..# #...
#.### #.#
#.. ###


You could see an ogre.

Vanquished Creatures
  2 adders (D:2)
  A dart slug (D:1)
  2 ball pythons
  4 endoplasms
  2 giant cockroaches (D:1)
  5 goblins
  4 hobgoblins
  3 kobolds (D:1)
  A quokka (D:2)
  8 bats
  A frilled lizard (D:2)
  7 rats
40 creatures vanquished.

Vanquished Creatures (others)
  2 fungi (D:1)
  A plant (D:1)
3 creatures vanquished.

Grand Total: 43 creatures vanquished

Notes
Turn   | Place    | Note
-------+----------+-------------------------------------------
     0 | D:1      | Phantomfrettchen the Demonspawn Chaos Knight began the
                  | quest for the Orb.
     0 | D:1      | Reached XP level 1. HP: 18/18 MP: 1/1
    54 | D:1      | XOM: silly message
   127 | D:1      | Gained mutation: You are partially covered in sharp spines.
                  | [demonic ancestry]
   127 | D:1      | Reached XP level 2. HP: 23/24 MP: 2/2
   206 | D:1      | XOM: divination: detect items
   233 | D:1      | XOM: silly message
   238 | D:1      | Reached skill level 1 in Dodging
   341 | D:1      | Reached XP level 3. HP: 24/29 MP: 3/3
   423 | D:1      | Found a faded altar of an unknown god.
   717 | D:2      | XOM: silly message
  1485 | D:3      | Noticed an ogre
  1485 | D:3      | XOM: potion effect (invisibility)
  1493 | D:3      | Mangled by an ogre

Illustrated notes

Levels and vault maps discovered:
D:1:      matt_arrival_diagonals, layout_rooms,
          shapermc_ecumenical_altar_mp_ritualfount
D:2:      layout_basic, basic_altar, corexii_item_surrounded_by_moat,
          columned_hall_lemuel
D:3:      layout_loops_ring

Skill      XL: |  1  2 |
---------------+-------+-----
Armour         | 2 |  2.4
Unarmed Combat | 3 |  3.4
Dodging        | 1 |  1.1
Fighting       | |  3.6
Stealth        | |  0.1

Action                   || total
-------------------------++-------
Melee: Unarmed           ||    97
       Punch             ||     4
Armor: Leather armour    ||    38
Dodge: Dodged            ||    64

Table legend: (Time is in decaauts)
 A = Elapsed time spent in this place.
 B = Non-inter-level travel time spent in this place.
 C = Inter-level travel time spent in this place.
 D = Time resting spent in this place.
 E = Time spent auto-exploring this place.
 F = Levels seen in this place.
 G = Mean time per level.
                   A        B        C        D        E       F      G
               +--------+--------+--------+--------+--------+-----+--------+
         Total |   1489 |   1489 |      0 |    141 |     64 |   3 |  496.3 |
       Dungeon |   1489 |   1489 |      0 |    141 |     64 |   3 |  496.3 |
               +--------+--------+--------+--------+--------+-----+--------+

Top non-repeatable levels by time:
     D:2: 887 daAuts
     D:1: 594 daAuts
     D:3: 7 daAuts
